 Dungeon Crawl Stone Soup version 0.26.1-11-gd32895ea62 (webtiles) character file.

Game seed: 7285949321999343637

359 buriedalive the Chiller (level 6, -6/32 HPs)
             Began as a Deep Elf Ice Elementalist on July 8, 2021.
             Mangled by a phantom (7 damage)
             ... on level 4 of the Dungeon.
             The game lasted 00:08:44 (4675 turns).

buriedalive the Chiller (Deep Elf Ice Elementalist) Turns: 4675, Time: 00:08:45

Health: -6/32      AC:  3    Str:  5    XL:     6   Next: 37%
Magic:  12/12      EV: 16    Int: 22    God:
Gold:   219        SH:  0    Dex: 15    Spells: 4/11 levels left

rFire    x . .     SeeInvis .   q - +0 rapier
rCold    + . .     Faith    .   (no shield)
rNeg     . . .     Spirit   .   a - +0 robe
rPois    .         Reflect  .   (no helmet)
rElec    .         Harm     .   (no cloak)
rCorr    .         Rampage  .   s - +0 pair of gloves
Will     .....                  (no boots)
Stlth    ++........             (no amulet)
HPRegen  0.10/turn              i - ring of ice
MPRegen  0.13/turn              (no ring)

@: no status effects
A: no striking features
a: no special abilities


You were on level 4 of the Dungeon.
You visited 1 branch of the dungeon, and saw 4 of its levels.

You collected 219 gold pieces.

Inventory:

Hand Weapons
 g - a +0 dagger
 q - a +0 rapier (weapon)
Missiles
 e - 116 stones
 f - 33 poisoned darts
 p - 8 curare-tipped darts
Armour
 a - a +0 robe (worn)
 s - a +0 pair of gloves (worn)
Jewellery
 i - a ring of ice (left hand)
Wands
 w - a wand of paralysis (13)
Scrolls
 b - 6 scrolls of identify
 d - 2 scrolls of enchant armour {unknown}
 h - 2 scrolls of fear {unknown}
 j - a scroll of enchant weapon {unknown}
 l - 2 scrolls of teleportation {unknown}
 n - 2 scrolls of amnesia {unknown}
 u - a scroll of blinking {unknown}
Potions
 k - a potion of invisibility
 m - a potion of mutation
 o - a potion of flight {unknown}
 r - a potion of brilliance {unknown}
 t - a potion of berserk rage {unknown}
 v - a potion of might {unknown}


   Skills:
 + Level 6.0 Dodging
 - Level 2.4 Stealth
 - Level 3.0 Spellcasting
 + Level 6.7 Ice Magic


You had 4 spell levels left.
You knew the following spells:

 Your Spells              Type           Power        Failure   Level
a - Freeze                Ice            100%         1%          1
b - Frozen Ramparts       Ice            98%          2%          3
c - Ozocubu's Armour      Ice            49%          2%          3

Your spell library contained the following spells:

 Spells                   Type           Power        Failure   Level
 Hailstorm                Conj/Ice       27%          30%         4
 Summon Ice Beast         Ice/Summ       27%          30%         4


Dungeon Overview and Level Annotations

Branches:
Dungeon (4/15)
 Temple: D:4-7

Altars:
Ashenzari
Trog


Message History

The phantom is heavily damaged.
The phantom hits you!
* * * LOW HITPOINT WARNING * * *
The phantom blinks!
The phantom blinks!
You feel better. The phantom closely misses you.
You miss the phantom.
The phantom is heavily damaged.
The phantom hits you.
* * * LOW HITPOINT WARNING * * *
The phantom blinks!
A phantom is nearby!
A phantom is nearby!
The phantom blinks!
You hit the phantom.
The phantom is heavily damaged.
The phantom hits you!
* * * LOW HITPOINT WARNING * * *
The phantom hits you!
You die...

###..########.#
#.#...###......#
..........###.# #.##.##
#...####
###..[......#.####.##.####.###
......#####.............##.#
###...#
#.#.#########.##.###### #
#.#.# #...# #.......... #
#.#.# #.### ####.###### #
#.#.#####.##############.# #
#.#..........W@..........#
###.###...##.###############
#... ..........##.# #.##
###.###..###.# # #.##.......#
# ###†#.###.#### # ##....#
#....# #.## #..#.###.##.# #.##
##..##...###.# #.##


You could see a phantom.

Vanquished Creatures
  An ogre (D:4)
  A scorpion (D:2)
  A bullfrog zombie (D:3)
  Ijyb (D:3)
  A worker ant (D:4)
  4 adders
  2 adder skeletons (D:4)
  2 worms (D:3)
  3 dart slugs
  6 leopard geckos
  2 orcs (D:3)
  2 ball pythons
  A giant cockroach (D:1)
  7 goblins
  10 hobgoblins
  8 jackals
  5 kobolds
  3 quokkas
  10 bats
  6 frilled lizards
  A leopard gecko skeleton (D:2)
  A quokka skeleton (D:4)
  10 rats
88 creatures vanquished.

Notes
Turn   | Place    | Note
-------+----------+-------------------------------------------
     0 | D:1      | buriedalive the Deep Elf Ice Elementalist began the quest
                  | for the Orb.
     0 | D:1      | Reached XP level 1. HP: 10/10 MP: 6/6
   297 | D:1      | Reached XP level 2. HP: 13/15 MP: 4/8
  1102 | D:2      | Reached skill level 5 in Ice Magic
  1102 | D:2      | Reached XP level 3. HP: 17/19 MP: 6/9
  1436 | D:2      | Reached XP level 4. HP: 10/24 MP: 5/10
  1770 | D:2      | Found a faded altar of an unknown god.
  2109 | D:2      | Reached XP level 5. HP: 25/28 MP: 9/11
  2398 | D:3      | Found a broken altar of Ashenzari.
  2458 | D:3      | Noticed Ijyb
  2607 | D:3      | Killed Ijyb
  2608 | D:3      | Reached skill level 5 in Dodging
  2661 | D:3      | Learned a level 3 spell: Frozen Ramparts
  2665 | D:3      | Learned a level 3 spell: Ozocubu's Armour
  3543 | D:4      | Noticed an ogre
  3551 | D:4      | Killed an ogre
  3552 | D:4      | Reached XP level 6. HP: 32/32 MP: 3/12
  3873 | D:4      | Found a bloodstained altar of Trog.
  4675 | D:4      | HP: 1/32 [phantom (8)]
  4675 | D:4      | Mangled by a phantom

Illustrated notes

Levels and vault maps discovered:
D:1:      lemuel_arrival_broad_hall, layout_basic, serial_bayou_pond_a,
          ebering_dispersal_statue_hall
D:2:      minmay_alternating_diamond, layout_rooms,
          chequers_ecumenical_altar_twisty
D:3:      layout_rooms, cheibrodos_ashenzari_chains,
          nicolae_overflow_hidden_temple, minmay_crystal_room, uniq_ijyb
D:4:      layout_loops_ring, bloody_trog

Skill      XL: |  1  2  3  4  5  6 |
---------------+-------------------+-----
Dodging        | 3 4 5 6 |  6.0
Ice Magic      | 5 6 |  6.7
Stealth        | |  2.4
Spellcasting   | |  3.0

Action                   |  1- 3 |  4- 6 || total
-------------------------+-------+-------++-------
Melee: Unarmed           |    14 |       ||    14
       Dagger            |    26 |    17 ||    43
       Rapier            |       |   112 ||   112
 Cast: Freeze            |    42 |    55 ||    97
       Frozen Ramparts   |       |    12 ||    12
       Ozocubu's Armour  |       |     6 ||     6
  Use: Potion            |       |     4 ||     4
       Scroll            |       |     1 ||     1
 Stab: Sleeping          |    10 |     2 ||    12
Armor: Robe              |    18 |    30 ||    48
Dodge: Dodged            |    55 |   124 ||   179
